 Dungeon Crawl Stone Soup version 0.19.1-1-g22dce08 (webtiles) character file.

55 Brusher the Grasshopper (level 3, -2/25 HPs)
             Began as an Octopode Warper on Dec 29, 2016.
             Was an Initiate of Dithmenos.
             Slain by Jessica
             ... wielding a +4 dagger of speed
              (3 damage)
             ... on level 2 of the Dungeon.
             The game lasted 00:05:07 (987 turns).

Brusher the Grasshopper (Octopode Warper)            Turns: 987, Time: 00:05:07

Health: -2/25      AC:  1    Str:  7 (10) XL:     3   Next: 93%
Magic:  0/6        EV: 13    Int: 13 (15) God:    Dithmenos [......]
Gold:   39         SH:  0    Dex:  9 (12) Spells: 1 memorised, 4 levels left

rFire  . . .     SeeInvis .     a - +0 short sword
rCold  . . .     Gourm    .     (no shield)
rNeg   . . .     Faith    .     (helmet restricted)
rPois  .         Spirit   +     h - amulet of guardian spirit
rElec  .         Reflect  .     (no ring)
rCorr  .         Harm     .     (no ring)
MR     .....                    (no ring)
Stlth  +++.......               (no ring)
                                (no ring)
                                (no ring)
                                (no ring)
                                (no ring)

@: no status effects
A: almost no armour, stealthy swim, amphibious, 8 rings, constrict 8, camouflage
1, gelatinous body 1
a: Renounce Religion


You were on level 2 of the Dungeon.
You worshipped Dithmenos.
Dithmenos was noncommittal.
You were not hungry.

You visited 1 branch of the dungeon, and saw 2 of its levels.

You collected 39 gold pieces.

Inventory:

Hand Weapons
 a - a +0 short sword (weapon)
Missiles
 d - 5 tomahawks of dispersal (quivered)
Jewellery
 h - an amulet of guardian spirit (around mantle)
Scrolls
 c - a scroll of blinking
 e - 2 scrolls of enchant weapon {unknown}
Books
 b - a book of Spatial Translocations

   Spells                             Type                      Level
   a - Blink                          Translocation                2
   b - Shroud of Golubria             Charms/Translocation         2
   c - Lesser Beckoning               Translocation                3
   d - Portal Projectile              Translocation                3
   e - Teleport Other                 Translocation                3
   f - Passage of Golubria            Translocation                4
Comestibles
 f - 3 bread rations
 g - a beef jerky
 i - a chunk of flesh


   Skills:
 + Level 2.4 Fighting
 + Level 2.3 Short Blades
 - Level 1.0 Throwing
 + Level 2.8 Dodging
 * Level 2.6 Stealth
 + Level 2.1 Spellcasting
 + Level 3.2 Translocations


You had 4 spell levels left.
You knew the following spells:

 Your Spells              Type           Power        Failure   Level  Hunger
a - Blink                 Tloc           N/A          12%         2    ###....


Dungeon Overview and Level Annotations

Branches:
Dungeon (2/15)

Altars:
Ashenzari
Dithmenos
Ru

Annotations:
D:2 Jessica


Innate Abilities, Weirdness & Mutations

You cannot wear most types of armour.
You are very stealthy in the water. (Stealth+)
You are amphibious.
You can wear up to eight rings at the same time.
You can use your tentacles to constrict eight enemies at once.
Your skin changes colour to match your surroundings (Stealth+).
Your rubbery body absorbs attacks. (AC +1, EV +1)


Message History

Jessica closely misses you.
Jessica hits you with a dagger of speed!
You hit Jessica but do no damage. Your grab misses Jessica.
Jessica hits you with a dagger of speed!
* * * LOW HITPOINT WARNING * * *
You closely miss Jessica. You grab Jessica. You constrict Jessica.
Jessica gestures at you while chanting. Pain shoots through your body!
* * * LOW HITPOINT WARNING * * *
You hit Jessica but do no damage. You squeeze Jessica!
Jessica is severely wounded.
You constrict Jessica, but do no damage.
Jessica hits you with a dagger of speed.
* * * LOW HITPOINT WARNING * * *
It was a potion of degeneration.
There was something very wrong with that liquid.
You feel weakened.
You feel dopey.
You feel clumsy.
You constrict Jessica.
Jessica hits you with a dagger of speed.
You die...

#.# #.# #.####
#....# ####.#
########
#.#####.)....#
#............#
#..###...###.###.#
#...........@@...#
##.##.....##.#####
#.###...###.#
#.###.....).#
#.......#####
#########


You could see Jessica.

Vanquished Creatures
  2 adders (D:2)
  An ooze (D:2)
  3 dart slugs
  2 bats (D:1)
  2 goblins
  3 hobgoblins (D:1)
  3 kobolds (D:1)
  A ball python (D:1)
  14 rats
31 creatures vanquished.

Notes
Turn   | Place    | Note
-------+----------+-------------------------------------------
     0 | D:1      | Brusher the Octopode Warper began the quest for the Orb.
     0 | D:1      | Reached XP level 1. HP: 14/14 MP: 3/3
   164 | D:1      | Reached XP level 2. HP: 20/20 MP: 5/5
   182 | D:1      | Learned a level 2 spell: Blink
   305 | D:1      | Reached skill level 1 in Stealth
   639 | D:1      | Reached XP level 3. HP: 20/25 MP: 4/6
   851 | D:2      | Found a shadowy altar of Dithmenos.
   856 | D:2      | Found a shattered altar of Ashenzari.
   859 | D:2      | Found a sacrificial altar of Ru.
   901 | D:2      | Became a worshipper of Dithmenos the Shadowed
   978 | D:2      | Noticed Jessica
   986 | D:2      | HP: 1/25 [Jessica/dagger of speed (1)]
   987 | D:2      | Slain by Jessica

Skill      XL: |  1  2  3 |
---------------+----------+-----
Stealth        | 1 2 |  2.6
Fighting       | |  2.4
Short Blades   | |  2.3
Throwing       | |  1.0
Dodging        | |  2.8
Spellcasting   | |  2.1
Translocations | |  3.2

Action                   || total
-------------------------++-------
Melee: Short sword       ||    69
       Constrict         ||    24
       Tentacles         ||     8
 Cast: Blink             ||     1
  Use: Potion            ||     1
 Stab: Sleeping          ||     6
  Eat: Chunk             ||     1
Armor: Skin              ||     5
Dodge: Dodged            ||    36
